 Dungeon Crawl Stone Soup version 0.21.1-1-g345015fe64 (webtiles) character file.

79 Ablot the Charmwright (level 4, -7/38 HPs)
             Began as a Gnoll Skald on July 25, 2018.
             Killed from afar by Natasha (10 damage)
             ... with a wand of flame (25)
             ... on level 2 of the Dungeon.
             The game lasted 00:06:16 (855 turns).

Ablot the Charmwright (Gnoll Skald)                  Turns: 855, Time: 00:06:16

Health: -7/38      AC:  3    Str: 14    XL:     4   Next: 37%
Magic:  3/11       EV: 14    Int: 16    God:
Gold:   92         SH:  0    Dex: 14    Spells: 2/13 levels left

rFire    . . .     SeeInvis .   a - +0 falchion
rCold    . . .     Gourm    .   (no shield)
rNeg     . . .     Faith    .   b - +0 leather armour
rPois    .         Spirit   .   (no helmet)
rElec    .         Reflect  .   (no cloak)
rCorr    .         Harm     .   (no gloves)
MR       +....                  (no boots)
Stlth    +.........             (no amulet)
HPRegen  1.12/turn              l - ring of protection from magic
MPRegen  0.12/turn              (no ring)

@: shrouded, very slightly contaminated, regenerating
A: distributed training, fangs 1, strong nose
a: no special abilities


You were on level 2 of the Dungeon.
You were not hungry.

You visited 1 branch of the dungeon, and saw 2 of its levels.

You collected 92 gold pieces.

Inventory:

Hand Weapons
 a - a +0 falchion (weapon)
Missiles
 k - 44 arrows
 o - 7 tomahawks (quivered)
Armour
 b - a +0 leather armour (worn)
Jewellery
 l - a ring of protection from magic (left hand)
Scrolls
 e - a scroll of identify {unknown}
 h - a scroll of remove curse {unknown}
 i - a scroll of teleportation {unknown}
 j - 2 scrolls of immolation {unknown}
Potions
 g - a potion of degeneration {unknown}
 m - a potion of berserk rage {unknown}
 n - a potion of curing {unknown}
Books
 c - a book of Battle

   Spells                             Type                      Level
   a - Infusion                       Charms                       1
   b - Shroud of Golubria             Charms/Translocation         2
   c - Song of Slaying                Charms                       2
   d - Spectral Weapon                Hexes/Charms                 3
   e - Regeneration                   Charms/Necromancy            3
Comestibles
 d - 5 rations
 f - 10 chunks of flesh


   Skills:
 + Level 4.6 Fighting
 + Level 1.1 Short Blades
 + Level 4.6 Long Blades
 + Level 1.1 Axes
 + Level 1.1 Maces & Flails
 + Level 1.1 Polearms
 + Level 1.1 Staves
 + Level 1.1 Slings
 + Level 1.1 Bows
 + Level 1.1 Crossbows
 + Level 1.1 Throwing
 + Level 2.7 Armour
 + Level 4.6 Dodging
 + Level 1.1 Stealth
 + Level 1.1 Shields
 + Level 1.1 Unarmed Combat
 + Level 5.0 Spellcasting
 + Level 0.8 Conjurations
 + Level 0.8 Hexes
 + Level 5.4 Charms
 + Level 0.8 Summonings
 + Level 0.8 Necromancy
 + Level 0.8 Translocations
 + Level 0.8 Transmutations
 + Level 0.8 Fire Magic
 + Level 0.8 Ice Magic
 + Level 0.8 Air Magic
 + Level 0.8 Earth Magic
 + Level 0.8 Poison Magic
 + Level 1.2 Invocations
 + Level 1.1 Evocations


You had 2 spell levels left.
You knew the following spells:

 Your Spells              Type           Power        Failure   Level  Hunger
a - Infusion              Chrm           ###.         1%          1    None
b - Song of Slaying       Chrm           ###.....     3%          2    #......
c - Shroud of Golubria    Chrm/Tloc      ##........   8%          2    #......
d - Regeneration          Chrm/Necr      ##........   16%         3    ###....
e - Spectral Weapon       Hex/Chrm       ##......     16%         3    ###....


Dungeon Overview and Level Annotations

Branches:
Dungeon (2/15)

Altars:

Annotations:
D:1 tree blocking area
D:2 Natasha


Innate Abilities, Weirdness & Mutations

Your experience applies equally to all skills.
You have very sharp teeth.
Your uncanny sense of smell can sniff out nearby items.


Message History

Space distorts slightly along a thin shroud covering your body.
Natasha zaps a wand.
The puff of flame misses you.
Casting: Shroud of Golubria
Confirm with . or Enter, or press ? or * to list all spells.
You miscast Regeneration.
You are very lightly contaminated with residual magic.
Strange energies run through your body.
Natasha zaps a wand.
The puff of flame hits you!
* * * LOW HITPOINT WARNING * * *
The white imp gestures at you. The puff of frost misses you.
Casting: Regeneration
Confirm with . or Enter, or press ? or * to list all spells.
Your skin crawls.
Natasha zaps a wand.
The puff of flame misses you.
The goblin shouts!
The white imp gestures at you. The puff of frost hits you!
* * * LOW HITPOINT WARNING * * *
Natasha zaps a wand.
The puff of flame hits you!
You die...

..≈≈≈≈..≈≈≈≈.
..≈≈≈♣_♣≈≈≈.. ...
.≈≈≈≈♣.♣≈≈≈≈. ....
.≈≈≈≈≈≈≈≈≈≈..
....########≈≈≈≈≈≈≈≈≈≈≈..
.............≈≈≈≈≈≈≈≈≈≈..
..............≈≈≈≈.≈≈≈≈≈.
............≈......≈≈..≈.
........@................
..g...............<......
........S.............)..
.........................
...$.....##.....###....(.
....h....##..............
..5......##..............
.........#####...........
.........# #...........


You could see Natasha, an adder, a white imp and a goblin.

Vanquished Creatures
  A gnoll (D:1)
  3 adders (D:2)
  3 dart slugs
  2 leopard geckos (D:1)
  2 giant cockroaches
  6 goblins
  5 hobgoblins
  A kobold (D:1)
  3 bats
  A frilled lizard (D:1)
  7 rats (D:1)
34 creatures vanquished.

Notes
Turn   | Place    | Note
-------+----------+-------------------------------------------
     0 | D:1      | Ablot the Gnoll Skald began the quest for the Orb.
     0 | D:1      | Reached XP level 1. HP: 20/20 MP: 6/6
   141 | D:1      | Reached XP level 2. HP: 26/26 MP: 7/7
   147 | D:1      | Learned a level 2 spell: Song of Slaying
   150 | D:1      | Learned a level 2 spell: Shroud of Golubria
   249 | D:1      | Reached XP level 3. HP: 29/31 MP: 6/9
   257 | D:1      | Reached skill level 5 in Spellcasting
   579 | D:1      | Reached skill level 1 in Invocations
   593 | D:1      | Learned a level 3 spell: Regeneration
   597 | D:1      | Learned a level 3 spell: Spectral Weapon
   641 | D:2      | Reached skill level 1 in Short Blades
   641 | D:2      | Reached skill level 1 in Axes
   641 | D:2      | Reached skill level 1 in Maces & Flails
   641 | D:2      | Reached skill level 1 in Polearms
   641 | D:2      | Reached skill level 1 in Staves
   641 | D:2      | Reached skill level 1 in Slings
   641 | D:2      | Reached skill level 1 in Bows
   641 | D:2      | Reached skill level 1 in Crossbows
   641 | D:2      | Reached skill level 1 in Throwing
   641 | D:2      | Reached skill level 1 in Stealth
   641 | D:2      | Reached skill level 1 in Shields
   641 | D:2      | Reached skill level 1 in Unarmed Combat
   641 | D:2      | Reached skill level 1 in Evocations
   641 | D:2      | Reached XP level 4. HP: 38/38 MP: 7/11
   642 | D:2      | Found a faded altar of an unknown god.
   847 | D:2      | Noticed Natasha
   855 | D:2      | Killed from afar by Natasha

Skill      XL: |  1  2  3 |
---------------+----------+-----
Spellcasting   | 5 |  5.0
Invocations    | 1 |  1.2
Short Blades   | 1 |  1.1
Axes           | 1 |  1.1
Maces & Flails | 1 |  1.1
Polearms       | 1 |  1.1
Staves         | 1 |  1.1
Slings         | 1 |  1.1
Bows           | 1 |  1.1
Crossbows      | 1 |  1.1
Throwing       | 1 |  1.1
Stealth        | 1 |  1.1
Shields        | 1 |  1.1
Unarmed Combat | 1 |  1.1
Evocations     | 1 |  1.1
Fighting       | |  4.6
Long Blades    | |  4.6
Armour         | |  2.7
Dodging        | |  4.6
Conjurations   | |  0.8
Hexes          | |  0.8
Charms         | |  5.4
Summonings     | |  0.8
Necromancy     | |  0.8
Translocations | |  0.8
Transmutations | |  0.8
Fire Magic     | |  0.8
Ice Magic      | |  0.8
Air Magic      | |  0.8
Earth Magic    | |  0.8
Poison Magic   | |  0.8

Action                   |  1- 3 |  4- 6 || total
-------------------------+-------+-------++-------
Melee: Falchion          |    76 |    15 ||    91
       Bite              |     4 |     1 ||     5
 Cast: Song of Slaying   |     4 |     1 ||     5
       Shroud of Golubri |     3 |     3 ||     6
       Infusion          |     1 |       ||     1
       Regeneration      |       |     1 ||     1
 Stab: Sleeping          |     1 |       ||     1
Armor: Leather armour    |    13 |     6 ||    19
Dodge: Dodged            |    68 |    21 ||    89
       Rpst.: Falchion   |    25 |     2 ||    27
